 Dungeon Crawl Stone Soup version 0.18-b1-22-ge198996 (webtiles) character file.

565 oplop the Sneak (level 7, -5/35 HPs)
             Began as a Vine Stalker Assassin on May 3, 2016.
             Was an Initiate of Dithmenos.
             Killed by nerve-wracking pain
             ... invoked by a shadow imp
              (7 damage)
             ... on level 5 of the Dungeon.
             The game lasted 00:06:35 (2527 turns).

oplop the Sneak (Vine Stalker Assassin)             Turns: 2527, Time: 00:06:35

Health: -5/35      AC: -1    Str: 14    XL:     7   Next: 32%
Magic:  0/8        EV: 11    Int: 11    God:    Dithmenos [......]
Gold:   139        SH:  0    Dex: 17    Spells: 0 memorised, 6 levels left

rFire  . . .     SeeInvis .     a - +2 dagger
rCold  . . .     Gourm    .     o - +0 robe (curse)
rNeg   + . .     Faith    .     (no shield)
rPois  .         Spirit   +     (no helmet)
rElec  .         Dismiss  .     d - +0 cloak
rCorr  .         Reflect  .     (no gloves)
SustAt .         Harm     .     (no boots)
MR     .....                    (no amulet)
Stlth  ++++......               (no ring)
                                j - ring of positive energy

@: corroded, not resistant to hostile enchantments, stealthy
A: fangs 2, regeneration 2, magic shield, antimagic bite, no device heal 3, rot
immunity
a: Renounce Religion


You were on level 5 of the Dungeon.
You worshipped Dithmenos.
Dithmenos was noncommittal.
You were not hungry.

You visited 2 branches of the dungeon, and saw 5 of its levels.

You collected 139 gold pieces.

Inventory:

Hand Weapons
 a - a +2 dagger (weapon)
 b - a +0 blowgun
Missiles
 e - 27 poisoned needles
 h - 4 poisoned tomahawks (quivered)
 x - a curare-tipped needle
 z - 3 javelins of returning
Armour
 c - a +0 robe
 d - a +0 cloak (worn)
 o - a cursed +0 robe (worn)
Jewellery
 j - a ring of positive energy (left hand)
 y - an uncursed amulet of regeneration {unknown}
Wands
 f - a wand of flame (8/48)
Scrolls
 i - 2 scrolls of random uselessness {unknown}
 l - a scroll of identify {unknown}
 t - a scroll of amnesia {unknown}
 A - a scroll of fog {unknown}
Potions
 m - a potion of haste {unknown}
 n - 2 potions of curing {unknown}
 q - a potion of lignification {unknown}
 r - a potion of cure mutation {unknown}
 s - 4 potions of heal wounds {unknown}
 u - a potion of degeneration {unknown}
 v - a potion of might {unknown}
 w - a potion of resistance {unknown}
Books
 p - a book of Annihilations

   Spells                             Type                      Level
   a - Poison Arrow                   Conjuration/Poison           6
   b - Chain Lightning                Conjuration/Air              8
   c - Lehudib's Crystal Spear        Conjuration/Earth            8
   d - Glaciate                       Conjuration/Ice              9
   e - Fire Storm                     Conjuration/Fire             9
Comestibles
 g - a bread ration
 k - a slice of pizza


   Skills:
 - Level 2.8 Fighting
 + Level 4.3 Short Blades
 + Level 3.6 Throwing
 - Level 0.7 Dodging
 + Level 7.4 Stealth


You had 6 spell levels left.
You didn't know any spells.

Dungeon Overview and Level Annotations

Branches:
Dungeon (5/15)             Temple (1/1) D:4

Altars:
Ashenzari
Cheibriados
Dithmenos
Elyvilon
Fedhas
Gozag
Kikubaaqudgha
Nemelex Xobeh
Okawaru
Qazlal
Ru
Sif Muna
Xom
Yredelemnul
Zin
The Shining One


Innate Abilities, Weirdness & Mutations

You have extremely sharp teeth.
You heal very quickly.
When hurt, damage is shared between your health and your magic reserves.
Your bite disrupts and absorbs the magic of your enemies.
Potions and wands cannot restore your health.
You are immune to rotting.


Message History

The shadow imp hits you.
* * * LOW HITPOINT WARNING * * *
You hit the shadow imp.
You bite the shadow imp, but do no damage.
The shadow imp is lightly wounded.
The shadow imp hits you.
* * * LOW HITPOINT WARNING * * *
You hit the shadow imp.
The shadow imp is moderately wounded.
You hit the shadow imp. You bite the shadow imp.
The shadow imp's magic leaks into the air.
You drain its magic.
You feel invigorated.
The shadow imp is heavily wounded.
The shadow imp closely misses you. The kobold skeleton hits you.
* * * LOW HITPOINT WARNING * * *
The kobold skeleton hits you.
* * * LOW HITPOINT WARNING * * *
The shadow imp gestures at you. Pain shoots through your body!
You die...

.....## ...#..##
##.##..#
....##.###########
.
##................
.# #.####.....###
..## #.# #####.#
##...# #.#
#.#######....##
#.#
#.....@.......+
#..
#######.......#
### #5Z...?#.
#..........#
....###......# ##
#........
##....... .......
.......


You could see a shadow imp and a kobold skeleton.

Vanquished Creatures
  Edmund (D:4)
  A hound (D:4)
  A jelly (D:5)
  A centaur skeleton (D:4)
  3 orc priests (D:4)
  2 giant frog skeletons
  2 orc wizards (D:4)
  2 worker ants (D:4)
  A gnoll (D:1)
  3 adders
  A worm (D:2)
  A dart slug (D:1)
  4 giant geckos
  9 orcs (D:4)
  3 bats
  A giant cockroach (D:4)
  4 goblins
  9 hobgoblins
  4 jackals (D:2)
  4 kobolds
  2 quokkas
  2 ball pythons
  3 giant newts (D:2)
  A rat (D:2)
65 creatures vanquished.

Notes
Turn   | Place    | Note
--------------------------------------------------------------
     0 | D:1      | oplop the Vine Stalker Assassin began the quest for the Orb.
     0 | D:1      | Reached XP level 1. HP: 11/11 MP: 2/2
    63 | D:1      | Reached skill level 5 in Stealth
   153 | D:1      | Reached XP level 2. HP: 15/15 MP: 3/3
   358 | D:1      | Reached XP level 3. HP: 18/18 MP: 4/4
  1068 | D:2      | Reached XP level 4. HP: 23/23 MP: 5/5
  1227 | D:2      | You fall through a shaft for 2 floors!
  1292 | D:4      | Reached skill level 6 in Stealth
  1292 | D:4      | Reached XP level 5. HP: 20/28 MP: 6/6
  1327 | D:4      | Found a staircase to the Ecumenical Temple.
  1357 | Temple   | Entered the Ecumenical Temple
  1609 | Temple   | Became a worshipper of Dithmenos the Shadowed
  1688 | D:4      | Gained mutation: You heal very quickly. [Vine Stalker growth]
  1688 | D:4      | Reached XP level 6. HP: 23/32 MP: 5/7
  1749 | D:4      | Noticed Edmund
  1812 | D:4      | Killed Edmund
  1812 | D:4      | Reached skill level 7 in Stealth
  1893 | D:4      | Reached XP level 7. HP: 27/35 MP: 8/8
  2416 | D:5      | Entered Level 5 of the Dungeon
  2527 | D:5      | Killed from afar by a shadow imp

Skill      XL: |  1  2  3  4  5  6 |
---------------+-------------------+-----
Fighting       | 2 |  2.8
Stealth        | 5 6 7 |  7.4
Short Blades   | 2 3 4 |  4.3
Throwing       | 2 3 |  3.6
Dodging        | |  0.7

Action                   |  1- 3 |  4- 6 |  7- 9 || total
-------------------------+-------+-------+-------++-------
Melee: Dagger            |    92 |    83 |    28 ||   203
       Bite              |    18 |    23 |    11 ||    52
 Fire: Blowgun           |     6 |    11 |       ||    17
Throw: Tomahawk          |       |     9 |       ||     9
 Stab: Sleeping          |    10 |     5 |     2 ||    17
       Distracted        |       |     2 |       ||     2
  Eat: Chunk             |       |     3 |     2 ||     5
Armor: Robe              |    29 |     8 |     2 ||    39
Dodge: Dodged            |    48 |    34 |    10 ||    92
